 Dungeon Crawl Stone Soup version 0.26-a0-812-g31a745ddcd (webtiles) character file.

Game seed: 4505847182243091629

4899 robertstho the Thaumaturge (level 10, 0/51 HPs)
             Began as a Deep Elf Fire Elementalist on Nov 13, 2020.
             Was a Believer of Sif Muna.
             Slain by a queen ant (10 damage)
             ... on level 8 of the Dungeon.
             The game lasted 00:14:01 (8852 turns).

robertstho the Thaumaturge (DEFE)                   Turns: 8852, Time: 00:14:02

Health: 0/51       AC:  5    Str:  5    XL:     10   Next: 27%
Magic:  6/28       EV: 13    Int: 24    God:    Sif Muna [**....]
Gold:   480        SH:  0    Dex: 15    Spells: 21/34 levels left

rFire    . . .     SeeInvis .   o - +1 flail (protect)
rCold    . . .     Faith    .   (no shield)
rNeg     . . .     Spirit   .   a - +0 robe
rPois    .         Reflect  .   (no helmet)
rElec    .         Harm     .   u - +0 cloak
rCorr    .         Rampage  .   (no gloves)
MR       +....                  m - +1 pair of boots
Stlth    +++.......             (no amulet)
HPRegen  0.17/turn              (no ring)
MPRegen  0.21/turn              (no ring)

@: lethally poisoned (0 -> -93)
A: no striking features
a: Channel Magic, Renounce Religion


You were on level 8 of the Dungeon.
You worshipped Sif Muna.
Sif Muna was pleased with you.
You visited 2 branches of the dungeon, and saw 9 of its levels.

You collected 480 gold pieces.

Inventory:

Hand Weapons
 i - a +0 short sword
 o - a +1 flail of protection (weapon)
Missiles
 g - 53 poisoned darts (quivered)
Armour
 a - a +0 robe (worn)
 m - a +1 pair of boots (worn)
 u - a +0 cloak (worn)
Wands
 q - a wand of random effects (15)
 x - a wand of digging (5)
Scrolls
 b - 6 scrolls of identify
 c - a scroll of amnesia {unknown}
 d - 3 scrolls of blinking {unknown}
 e - 3 scrolls of noise {unknown}
 f - a scroll of magic mapping {unknown}
 h - 3 scrolls of enchant armour {unknown}
 n - a scroll of enchant weapon {unknown}
 p - 3 scrolls of teleportation {unknown}
 r - 2 scrolls of immolation {unknown}
 s - a scroll of fog {unknown}
 t - 4 scrolls of remove curse {unknown}
 v - a scroll of silence {unknown}
 y - 3 scrolls of fear {unknown}
Potions
 k - 2 potions of flight
 l - 4 potions of haste
 w - 2 potions of curing
 z - a potion of magic {unknown}


   Skills:
 + Level 0.5 Fighting
 + Level 0.4 Maces & Flails
 + Level 3.2 Dodging
 + Level 4.3 Stealth
 * Level 12.8 Spellcasting
 * Level 9.7 Conjurations
 + Level 7.7 Fire Magic
 + Level 0.3 Invocations


You had 21 spell levels left.
You knew the following spells:

 Your Spells              Type           Power        Failure   Level
a - Foxfire               Conj/Fire      ####         1%          1
b - Conjure Flame         Conj/Fire      ######..     1%          3
c - Sticky Flame          Conj/Fire      ######..     1%          4
d - Fireball              Conj/Fire      ######....   3%          5

Your spell library contained the following spells:

 Spells                   Type           Power        Failure   Level
 Inner Flame              Hex/Fire       ####....     2%          3
 Confusing Touch          Hex            ###.....     12%         3
 Gell's Gravitas          Tloc           ###.......   12%         3
 Petrify                  Tmut/Erth      ###.....     36%         4
 Metabolic Englaciation   Hex/Ice        ###.......   73%         5
 Yara's Violent Unravell  Hex/Tmut       ###.......   73%         5


Dungeon Overview and Level Annotations

Branches:
Dungeon (8/15)             Temple (1/1) D:4
   Lair: D:8-11

Altars:
Ashenzari
Elyvilon
Fedhas
Gozag
Makhleb
Ru
Sif Muna
Xom
Yredelemnul
Zin


Message History

The queen ant burns!
The worker ant bites you but does no damage.
The queen ant stings you!
* * * LOW HITPOINT WARNING * * *
You are more poisoned.
The queen ant poisons you!
You feel much better.
You feel extremely sick.
The queen ant burns!
The worker ant closely misses you. The queen ant closely misses you.
Unknown command.
Casting: Sticky Flame (dangerous; 1% risk of failure)
Confirm with . or Enter, or press ? or * to list all spells.
You don't have enough magic to cast that spell.
* * * LOW HITPOINT WARNING * * *
You feel extremely sick.
The queen ant burns!
The worker ant bites you.
* * * LOW HITPOINT WARNING * * *
The queen ant stings you!
You die...

......#.#.#####+#######
..........)............
....§§#.#.....†.....#
......#.#...).......#
......#.#...........# ...#..
#...............########...#..#
#######.#.......(..............
#.#########.............. #.#
#@B............... #########.#
#B##.#####......## ..........#
#.##.............. #.........#
#.##.##.........# ........###
##.##.#####...#..# ........#
###.............#..# ........#
#.#..########...#..##
........### #....# #.B......
#####.#...# #.##.# #...#.###


You could see a queen ant (burning) and a worker ant.

Vanquished Creatures
  Joseph (D:7)
  Menkaure (D:4)
  Duvessa (D:4)
  15 soldier ants (D:8)
  A water moccasin (D:6)
  2 orc warriors
  A sky beast (D:5)
  2 ice beasts
  A phantom (D:7)
  2 ogres (D:7)
  A centaur (D:6)
  3 bullfrogs
  2 scorpions (D:4)
  Dowan (D:4)
  8 wights
  2 howler monkeys
  A centaur zombie (D:7)
  A jelly (D:6)
  Crazy Yiuf (D:4)
  3 hounds
  3 orc priests
  A centaur skeleton (D:4)
  An iguana (D:5)
  19 worker ants
  4 orc wizards
  A hound zombie (D:8)
  7 adders
  A shadow imp (D:7)
  2 white imps
  An ufetubus (D:6)
  An ooze (D:7)
  An adder zombie (D:5)
  A worm (D:3)
  2 dart slugs (D:2)
  4 leopard geckos
  14 orcs
  2 ball pythons
  4 bats
  8 giant cockroaches
  3 hobgoblins
  6 jackals
  A quokka (D:5)
  A frilled lizard (D:3)
  3 goblins
  A jackal skeleton (D:5)
  7 kobolds
  A leopard gecko skeleton (D:4)
  A quokka skeleton (D:4)
  2 rats
153 creatures vanquished.

Vanquished Creatures (collateral kills)
  A foxfire (D:8)
1 creature vanquished.

Vanquished Creatures (others)
  837 foxfires
837 creatures vanquished.

Grand Total: 991 creatures vanquished

Notes
Turn   | Place    | Note
-------+----------+-------------------------------------------
     0 | D:1      | robertstho the Deep Elf Fire Elementalist began the quest
                  | for the Orb.
     0 | D:1      | Reached XP level 1. HP: 10/10 MP: 6/6
   606 | D:1      | Reached XP level 2. HP: 15/15 MP: 5/8
  1282 | D:2      | Reached skill level 4 in Spellcasting
  1588 | D:2      | Found a glowing silver altar of Zin.
  1633 | D:2      | Reached XP level 3. HP: 19/19 MP: 6/10
  1721 | D:2      | Learned a level 3 spell: Conjure Flame
  2406 | D:3      | Reached XP level 4. HP: 24/24 MP: 7/12
  2485 | D:3      | Learned a level 4 spell: Sticky Flame
  2744 | D:4      | Reached skill level 5 in Spellcasting
  3074 | D:4      | Reached XP level 5. HP: 16/28 MP: 8/14
  3382 | D:4      | Found a staircase to the Ecumenical Temple.
  3388 | D:4      | Reached skill level 6 in Spellcasting
  3417 | Temple   | Entered the Ecumenical Temple
  3472 | Temple   | Became a worshipper of Sif Muna the Loreminder
  3576 | D:4      | Found a runed translucent door.
  3577 | D:4      | Noticed Crazy Yiuf
  3660 | D:4      | Reached XP level 6. HP: 29/32 MP: 10/17
  3916 | D:4      | Noticed Dowan
  3921 | D:4      | Killed Dowan
  3922 | D:4      | Noticed Duvessa
  3931 | D:4      | Killed Duvessa
  3931 | D:4      | Reached skill level 7 in Spellcasting
  4262 | D:4      | Noticed Menkaure
  4267 | D:4      | Killed Menkaure
  4267 | D:4      | Reached XP level 7. HP: 25/36 MP: 14/19
  4553 | D:4      | Killed Crazy Yiuf
  4601 | D:5      | Entered Level 5 of the Dungeon
  4613 | D:5      | Learned a level 5 spell: Fireball
  4749 | D:5      | Reached skill level 8 in Spellcasting
  5040 | D:5      | Reached skill level 5 in Conjurations
  5273 | D:6      | Reached skill level 5 in Fire Magic
  5529 | D:6      | Reached XP level 8. HP: 42/42 MP: 16/22
  5717 | D:6      | Reached * piety under Sif Muna
  5717 | D:6      | Reached skill level 9 in Spellcasting
  6049 | D:6      | Found a broken altar of Ashenzari.
  6287 | D:7      | Noticed Joseph
  6302 | D:7      | Killed Joseph
  6302 | D:7      | Reached skill level 10 in Spellcasting
  6497 | D:7      | Reached XP level 9. HP: 46/46 MP: 20/25
  6744 | D:7      | Found a blossoming altar of Fedhas.
  6806 | D:7      | Reached skill level 11 in Spellcasting
  7367 | D:8      | Reached ** piety under Sif Muna
  7571 | D:8      | Reached skill level 12 in Spellcasting
  8124 | D:8      | Reached XP level 10. HP: 51/51 MP: 8/28
  8809 | D:8      | Noticed a queen ant
  8852 | D:8      | Slain by a queen ant

Illustrated notes

Levels and vault maps discovered:
D:1:      sevenhm_arrival_forest_fort_small_6, layout_basic, minmay_pentomino_t2
D:2:      layout_basic, zin_treasury
D:3:      layout_basic
D:4:      layout_basic, minmay_temple_entry_ruins, uniq_crazy_yiuf_cottage,
          uniq_menkaure, uniq_duvessa
D:5:      layout_rooms, grunt_ministairs_11
D:6:      layout_rooms, evilmike_ruin_ashenzari
D:7:      layout_rooms, fedhas_altar_4, uniq_joseph
D:8:      layout_basic, serial_shops, nicolae_shop_trees, minivault_29
Temple:   regret_index_temple_waves

Skill      XL: |  1  2  3  4  5  6  7  8  9 10 |
---------------+-------------------------------+-----
Spellcasting   | 4 5 6 7 8 10 12 | 12.8
Conjurations   | 2 3 4 5 7 8 9 |  9.7
Fire Magic     | 4 5 6 7 |  7.7
Stealth        | 3 4 |  4.3
Dodging        | 3 |  3.2
Fighting       | |  0.5
Maces & Flails | |  0.4
Invocations    | |  0.3

Action                   |  1- 3 |  4- 6 |  7- 9 | 10-12 || total
-------------------------+-------+-------+-------+-------++-------
Melee: Short sword       |     1 |       |       |       ||     1
       Flail             |       |     8 |    11 |     3 ||    22
 Cast: Foxfire           |   101 |    72 |   293 |    54 ||   520
       Sticky Flame      |       |     2 |    21 |    18 ||    41
       Conjure Flame     |       |       |     1 |       ||     1
Invok: Channel Magic     |       |       |     1 |     2 ||     3
  Use: Potion            |       |     4 |     1 |     2 ||     7
       Scroll            |       |       |     3 |       ||     3
 Stab: Sleeping          |       |     1 |       |       ||     1
Armor: Robe              |     4 |     3 |    17 |     6 ||    30
Dodge: Dodged            |     9 |    18 |    36 |    23 ||    86

Table legend: (Time is in decaauts)
 A = Elapsed time spent in this place.
 B = Non-inter-level travel time spent in this place.
 C = Inter-level travel time spent in this place.
 D = Time resting spent in this place.
 E = Time spent auto-exploring this place.
 F = Levels seen in this place.
 G = Mean time per level.
                   A        B        C        D        E       F      G
               +--------+--------+--------+--------+--------+-----+--------+
         Total |   8840 |   8696 |    144 |    993 |   6485 |   9 |  982.2 |
       Dungeon |   8765 |   8640 |    125 |    993 |   6443 |   8 | 1095.6 |
        Temple |     74 |     55 |     19 |      0 |     42 |   1 |   74.0 |
               +--------+--------+--------+--------+--------+-----+--------+

Top non-repeatable levels by time:
     D:8: 1805 daAuts
     D:4: 1776 daAuts
     D:6: 1008 daAuts
     D:3: 1001 daAuts
     D:2: 940 daAuts
     D:1: 792 daAuts
     D:7: 780 daAuts
     D:5: 661 daAuts
  Temple: 74 daAuts
